AoeStats
← 啊超

Nomad

504257600Analyzed
4v4 RM · 27d ago on Sep 4, 2026· 40m 19s· 8 players
Game mode
Random Map
Map size
231×231
Population
200
Speed
Normal
Resources
Standard
Victory
Conquest
Starting age
Dark Age
Ending age
Imperial Age
RankedLock teamsTeams togetherTeam positionsShared explorationLock speedFull tech treeHidden civsTurbo modeCheats
Victory
Defeat
🇹🇼 Huns · Taiwan
1103
+13
🇲🇽 Magyars · Mexico
1099
+13
🇨🇳 Mongols · China
1077
+14
🇨🇳 Franks · China
951
+20
🇫🇮 Inca · Finland
1064
-16
🇸🇦 Goths · Saudi Arabia
1058
-16
🇫🇮 Koreans · Finland
1038
-15
🇫🇷 Persians · France
982
-13
nipsribs
15:55 Feudal Age
34:35 Fletching
36:53 Padded Archer Armor
39:28 Castle Age
Moms93170
5:22 Loom
14:22 Feudal Age
16:13 Scale Barding Armor
16:19 Forging
18:45 Castle Age
17:57 Bloodlines
17:32 Horse Collar
19:15 Husbandry
21:25 Gold Mining
23:25 Chain Barding Armor
26:46 Iron Casting
27:09 Heavy Plow
26:56 Double-Bit Axe
30:47 Wheelbarrow
31:54 Hand Cart
31:46 Fletching
36:29 Scale Mail Armor
36:25 Bodkin Arrow
37:46 Pikeman
38:12 Gambesons
38:12 Arson
38:28 Squires
PIKKUBIBIS
8:06 Loom
18:10 Feudal Age
27:01 Wheelbarrow
31:17 Double-Bit Axe
CrazyWolf
13:38 Loom
15:26 Feudal Age
15:58 Double-Bit Axe
17:44 Fishing Lines
20:31 Horse Collar
24:11 Castle Age
22:17 Stone Mining
24:28 Town Watch
25:06 Bow Saw
26:37 Gillnets
31:24 Wheelbarrow
30:43 Gold Mining
30:59 Heavy Plow
35:20 Imperial Age
33:10 Hand Cart
33:38 Stone Shaft Mining
34:04 Medium Warships
33:39 Man-at-Arms
33:40 Pikeman
34:20 Squires
35:37 Hand Cart
34:50 Long Swordsman
36:51 Crop Rotation
37:29 Conscription
38:12 Chemistry
37:33 Ballistics
39:44 Fletching
40:05 Forging
40:26 Murder Holes
40:42 Masonry
懿
14:57 Feudal Age
20:04 Castle Age
18:52 Fishing Lines
20:33 Loom
20:39 Double-Bit Axe
21:18 Gillnets
24:11 Bow Saw
25:56 Gold Mining
26:21 Scale Barding Armor
28:29 Pikeman
29:09 Squires
28:55 Arson
31:05 Chain Barding Armor
32:39 Wheelbarrow
32:47 Gold Shaft Mining
32:17 Husbandry
31:38 Light Cavalry
32:56 Marauders
33:20 Horse Collar
34:16 Bloodlines
35:52 Hand Cart
35:55 Heavy Plow
41:25 Imperial Age
ydyk123
7:07 Loom
15:33 Feudal Age
20:22 Castle Age
18:23 Fishing Lines
18:50 Double-Bit Axe
20:24 Gold Mining
20:24 Stone Mining
21:24 Bow Saw
21:36 Gillnets
32:52 Imperial Age
31:48 Wheelbarrow
32:28 Pikeman
33:09 Squires
35:27 Forging
35:18 Scale Mail Armor
35:23 Scale Barding Armor
35:37 Hand Cart
38:26 Husbandry
38:54 Cavalier
啊超
13:55 Feudal Age
19:57 Castle Age
17:51 Double-Bit Axe
19:15 Loom
22:53 Pikeman
35:39 Imperial Age
33:01 Fletching
33:49 Bodkin Arrow
33:55 Padded Archer Armor
35:31 Gold Mining
36:25 Elite Mangudai
39:24 Chemistry
39:04 Husbandry
39:16 Bloodlines
40:15 Ballistics
Cuauhpilli
3:12 Loom
13:12 Feudal Age
17:09 Castle Age
15:26 Scale Barding Armor
16:23 Double-Bit Axe
19:05 Bow Saw
22:45 Pikeman
34:24 Horse Collar
Connection lost

Rejoining the realm…

Still unreachable

The connection could not be restored.

Session expired

The server has moved on; the page needs a fresh start.